 Dungeon Crawl Stone Soup version 0.18-a0-739-gdae9da8 (webtiles) character file.

29699 4thArraOfDagon the Gouger (level 13, -20/48 HPs)
             Began as a Felid Fighter on Dec 10, 2015.
             Was a High Priest of Makhleb.
             Killed from afar by a balrug (56 damage)
             ... with a bolt of fire
             ... summoned by the player character
             ... on level 3 of the Elven Halls.
             The game lasted 01:22:16 (11047 turns).

4thArraOfDagon the Gouger (Felid Fighter)          Turns: 11047, Time: 01:22:17

Health: -20/48     AC:  7    Str: 11    XL:     13   Next: 16%
Magic:  22/22      EV: 29    Int: 15    God:    Makhleb [*****.]
Gold:   192        SH:  0    Dex: 18    Spells: 4 memorised, 13 levels left
                                        Lives:  0   Deaths: 4

rFire  . . .     SeeInvis +       - Unarmed
rCold  + . .     Clarity  .     (armour unavailable)
rNeg   . . .     SustAt   .     (shield unavailable)
rPois  +         Gourm    .     (helmet unavailable)
rElec  .         Spirit   .     (cloak unavailable)
rCorr  .         Dismiss  .     (gloves unavailable)
rMut   .         Stasis   .     (boots unavailable)
MR     +....                    i - amulet of regeneration
Stlth  ++++++++..               G - ring "Bona" {rPois Str-4 Dex+6 SInv} (curse)
                                S - ring of the Echidna {Str+3 Stlth+}

@: about to teleport, quick, somewhat resistant to hostile enchantments,
extraordinarily stealthy
A: no armour, no weapons or thrown items, claws 1, fangs 3, rough black scales
1, see invisible, carnivore 3, clumsy 1, speed 1, frail 2, shaggy fur 3, slow
metabolism 1, sharp paws
a: Minor Destruction, Lesser Servant of Makhleb, Major Destruction, Greater
Servant of Makhleb, Renounce Religion


You were on level 3 of the Elven Halls.
You worshipped Makhleb.
Makhleb was extremely pleased with you.
You were very full.

You visited 3 branches of the dungeon, and saw 22 of its levels.
You visited the Abyss 1 time.
You also visited: Sewer and Ice Cave.

You collected 2476 gold pieces.
You spent 2284 gold pieces at shops.

Inventory:

Jewellery
 e - an uncursed amulet of stasis
 i - an amulet of regeneration (around neck)
 y - an uncursed ring of positive energy
 D - an uncursed amulet of rage
 G - the cursed ring "Bona" (right paw) {rPois Str-4 Dex+6 SInv}
   (You found it in an ice cave)

   [ring of strength]

   It affects your strength (-4).
   It affects your dexterity (+6).
   It protects you from poison.
   It lets you see invisible.
   It has a curse placed upon it.
 S - the ring of the Echidna (left paw) {Str+3 Stlth+}
   (You found it on level 4 of the Orcish Mines)

   [ring of stealth]

   It affects your strength (+3).
   It makes you more stealthy.
 U - the ring "Leokoe" {rElec EV+2 Int+4}
   (You found it on level 3 of the Orcish Mines)

   [ring of evasion]

   It affects your evasion (+2).
   It affects your intelligence (+4).
   It insulates you from electricity.
 W - an uncursed amulet of clarity
Wands
 u - a wand of fire (6)
 v - a wand of heal wounds (2)
 w - a wand of teleportation (3)
 x - a wand of enslavement (13)
 K - a wand of random effects (22)
 L - a wand of disintegration (0)
 N - a wand of fire (9)
 T - a wand of enslavement (12)
Scrolls
 c - a scroll of recharging
 f - 2 scrolls of fog
 g - 3 scrolls of immolation {unknown}
 k - 2 scrolls of random uselessness {unknown}
 r - a scroll of blinking {unknown}
 t - 2 scrolls of magic mapping {unknown}
 C - a scroll of fear
 E - a scroll of vulnerability {unknown}
 F - 6 scrolls of remove curse {unknown}
 J - a scroll of silence
 Q - a scroll of noise {unknown}
Potions
 m - 9 potions of brilliance
 n - 2 potions of ambrosia
 o - a potion of beneficial mutation
 p - 5 potions of might
 q - 4 potions of curing
 s - 5 potions of flight
 z - 3 potions of cancellation
 B - 7 potions of lignification
 I - 3 potions of agility
 M - a potion of invisibility
 O - 3 potions of haste
Books
 d - a book of Dreams

   Spells                             Type                      Level
   a - Ensorcelled Hibernation        Hexes/Ice                    2
   b - Phase Shift                    Translocation                5
   c - Shadow Creatures               Summoning                    5
   d - Silence                        Hexes/Air                    5
   e - Darkness                       Hexes                        6
   f - Mass Confusion                 Hexes                        6
 j - the Disquisition on Sinister Creation
   (You found it on level 2 of the Elven Halls)

   Spells                             Type                      Level
   a - Sublimation of Blood           Necromancy                   2
   b - Call Imp                       Summoning                    2
   c - Vampiric Draining              Necromancy                   3
   d - Recall                         Summoning/Translocation      3
   e - Shadow Creatures               Summoning                    5
 A - a book of the Sky

   Spells                             Type                      Level
   a - Summon Lightning Spire         Summoning/Air                4
   b - Airstrike                      Air                          4
   c - Silence                        Hexes/Air                    5
   d - Deflect Missiles               Charms/Air                   6
   e - Conjure Ball Lightning         Conjuration/Air              6
   f - Tornado                        Air                          9
Miscellaneous
 H - a phial of floods (inert)
 R - a lamp of fire
Comestibles
 a - 7 chunks of flesh
 b - 5 meat rations
 h - 3 slices of pizza
 l - 8 beef jerkies


   Skills:
 + Level 10.0 Fighting
 + Level 12.7 Dodging
 + Level 12.8 Stealth
 * Level 13.6 Unarmed Combat
 + Level 5.7 Spellcasting
 - Level 11.0 Hexes
 - Level 3.0 Translocations
 * Level 5.0 Transmutations
 * Level 4.2 Earth Magic
 - Level 6.2 Invocations
 - Level 4.0 Evocations


You had 13 spell levels left.
You knew the following spells:

 Your Spells              Type           Power        Failure   Level  Hunger
a - Apportation           Tloc           ##........   6%          1    None
b - Animate Skeleton      Necr           N/A          17%         1    None
c - Invisibility          Hex            #####...     30%         6    #######
d - Stoneskin             Trmt/Erth      ###.....     3%          2    #......


Dungeon Overview and Level Annotations

Branches:
Dungeon (15/15)            Temple (0/1) D:5             Orc (4/4) D:9
    Elf (3/3) Orc:3
   Lair: D:8-11      Vaults: D:13-14     Depths: D:15

Altars:
Ashenzari
Dithmenos
Fedhas
Kikubaaqudgha
Makhleb
Nemelex Xobeh
Pakellas
Zin
Beogh

Shops:
D:5 !   D:6 }((   Orc:2 !   Orc:4 (}[(   Elf:3 =

Annotations:
D:6 HandofTrog's ghost, amateur TrHu
D:8 LAIR, Erica
D:11 Sonja
D:12 Borgoz's ghost, novice MiFi; Fannar; Nergalle
D:13 Azrael; Rupert
Orc:4 !!!, Saint Roka


Innate Abilities, Weirdness & Mutations

You cannot wear armour.
You are incapable of wielding weapons or throwing items.
You have sharp claws.
You have razor-sharp teeth.
You have supernaturally acute eyesight.
You are carnivorous and can eat meat at any time.
You cover ground quickly.
Your thick and shaggy fur keeps you warm (AC +3, rC+).
You have a slow metabolism.
Your sharp claws are effective at attacking unaware monsters.
You are partially covered in rough black scales (AC +4, Dex -1).
You are clumsy. (Dex -2)
You are very frail (-20% HP).


Message History

Press: ? - help, Shift-Dir - straight line, f - you You feel much better.
This wand has 2 charges left.
Your cacodemon hits the balrug!
Your cacodemon hits the balrug but does no damage.
The balrug hits your cacodemon with a demon whip of electrocution!!
Your cacodemon is engulfed in flames!
Unknown command.
Evoke which item? (* to show all) (? for menu, Esc to quit)
Okay, then.
Evoke which item? (* to show all) (? for menu, Esc to quit)
Zapping:
w - a wand of teleportation (4)
Press: ? - help, Shift-Dir - straight line, f - you You feel strangely unstable.
This wand has 3 charges left.
Your cacodemon hits the balrug. Your cacodemon hits the balrug!
The balrug gestures at you. The bolt of fire hits your cacodemon.
Your cacodemon dies!
The bolt of fire hits you!
Ouch! That really hurt!
You die...

......# ##'#.∩......#.
......# ###...........#
......# #............#
......# ###..........#
......########........#
.............'##......#
......#####.)###2.....#
####### ##.###..###..#
##.## ##@# ### ##.##
#.# #####.## #.#
#..#'## #.# #....# #)#
#<.'## #.# ####.##
##.## ##.## #...# ##.##
#.#.##


You could see a balrug.

Vanquished Creatures
  A deep elf blademaster (Elf:3)
  Gastronok (D:9)
  2 deep elf sorcerers (Elf:3)
  3 deep elf annihilators (Elf:3)
  Snorg (Orc:3)
  2 deep elf high priests (Elf:3)
  A centaur warrior (D:14)
  3 dancing weapons (Elf:2)
  2 deep elf knights
  A harpy (D:14)
  3 orc knights
  3 deep elf summoners
  Pikel (D:6)
  11 hill giants
  An orc sorcerer (Orc:4)
  2 deep elf conjurers
  A cyclops (D:14)
  A centaur skeleton (D:12)
  5 deep elf priests
  5 trolls
  4 two-headed ogres
  Prince Ribbit (D:6)
  A hornet zombie (D:15)
  2 shadows
  10 deep elf magi
  13 deep elf fighters
  3 vampire mosquitoes (D:13)
  A wraith (D:13)
  2 wolves (Orc:3)
  2 centaur simulacra (D:14)
  A basilisk (D:15)
  8 yaks
  A steam dragon (D:7)
  2 wyverns
  A hungry ghost (D:12)
  Edmund (D:4)
  A water moccasin (D:14)
  6 wargs
  31 orc warriors
  25 ice beasts
  4 sky beasts
  A phantom (D:9)
  20 ogres
  The ghost of 4thArraOfDagon the Ruffian, an amateur TrEE (D:5)
  3 centaurs
  3 crocodiles
  2 big kobolds
  A wyvern zombie (D:13)
  6 giant frogs
  A wyvern skeleton (D:14)
  3 scorpions
  6 crimson imps
  A centaur zombie (D:5)
  2 wights (D:12)
  A giant frog zombie (D:12)
  18 orc priests
  8 hounds
  A jelly (D:11)
  A giant frog skeleton (D:8)
  An iguana (D:6)
  17 orc wizards
  5 worker ants
  3 sheep (D:12)
  A hound zombie (D:5)
  A hound skeleton (D:6)
  3 river rats
  6 gnolls (D:6)
  A shadow imp (D:7)
  6 adders
  A white imp (D:14)
  An ufetubus (D:14)
  8 oozes (Sewer)
  An adder zombie (D:4)
  A worm (D:5)
  2 adder skeletons
  The ghost of 4thArraOfDagon the Ducker, a weakling FeEE (D:4)
  141 orcs
  10 ball pythons
  12 giant cockroaches
  2 goblins
  2 hobgoblins (D:1)
  16 kobolds
  9 bats
  11 giant geckos
  12 giant newts
  7 jackals
  13 rats
543 creatures vanquished.

Vanquished Creatures (collateral kills)
  A fire giant (Orc:3)
  2 deep elf demonologists (Elf:3)
  A deep elf annihilator (Elf:3)
  An ice dragon (IceCv)
  A dancing weapon (Elf:2)
  2 orc high priests (Orc:4)
  An orc knight (Orc:4)
  5 hill giants
  2 griffons (D:14)
  2 orc sorcerers
  3 cyclopes
  Maurice (D:13)
  A kobold demonologist (D:12)
  5 trolls
  A centaur skeleton (D:9)
  A deep elf priest (Elf:3)
  A slime creature (D:14)
  A deep elf fighter (Elf:3)
  2 yaks (D:9)
  3 wargs
  3 ice beasts (IceCv)
  A sky beast (D:11)
  8 orc warriors
  A centaur (D:13)
  2 wights (D:12)
  A giant frog zombie (D:11)
  A crimson imp (D:9)
  8 orc priests
  A hound (D:14)
  4 orc wizards
  A sheep (D:12)
  2 adder skeletons
  38 orcs
108 creatures vanquished.

Vanquished Creatures (others)
  A shadow imp (D:13)
  4 fungi (D:8)
  A plant (D:15)
  4 tentacles (Abyss:3)
  225 tentacle segments (Abyss:3)
235 creatures vanquished.

Grand Total: 886 creatures vanquished

Notes
Turn   | Place    | Note
--------------------------------------------------------------
     0 | D:1      | 4thArraOfDagon the Felid Fighter began the quest for the Orb.
     0 | D:1      | Reached XP level 1. HP: 10/10 MP: 2/2
   148 | D:1      | Reached XP level 2. HP: 12/14 MP: 3/3
   419 | D:3      | Reached skill level 1 in Stealth
   458 | D:3      | Found a burning altar of Makhleb.
   466 | D:3      | Reached XP level 3. HP: 8/17 MP: 4/4
   470 | D:3      | Became a worshipper of Makhleb the Destroyer
   484 | D:4      | Noticed 4thArraOfDagon's ghost (weakling FeEE)
   488 | D:4      | Killed 4thArraOfDagon's ghost
   489 | D:4      | Noticed Edmund
   500 | D:4      | Killed Edmund
   500 | D:4      | Reached skill level 5 in Dodging
   500 | D:4      | Reached skill level 5 in Unarmed Combat
   500 | D:4      | Reached XP level 4. HP: 18/21 MP: 5/5
   500 | D:4      | Reached XP level 5. HP: 20/24 MP: 6/6
   533 | D:5      | Entered Level 5 of the Dungeon
   535 | D:5      | Noticed a centaur
   540 | D:5      | Killed a centaur
   541 | D:5      | Gained mutation: You are covered in thick fur (AC +2). [Felid growth]
   541 | D:5      | Reached XP level 6. HP: 14/28 MP: 7/7
   635 | D:5      | HP: 1/28 [poisoned by a worker ant]
   636 | D:5      | Succumbed to a worker ant's poison
   637 | D:5      | Reached XP level 5. HP: 0/25 MP: 6/6
   677 | D:5      | Found a staircase to the Ecumenical Temple.
   700 | D:5      | Reached skill level 6 in Unarmed Combat
   768 | D:5      | Reached XP level 6. HP: 28/28 MP: 7/7
   808 | D:5      | Found a glowing drain.
   820 | D:5      | Reached * piety under Makhleb
   843 | Sewer    | Entered a sewer
   963 | Sewer    | Reached ** piety under Makhleb
  1098 | Sewer    | Reached XP level 7. HP: 12/33 MP: 8/8
  1142 | D:5      | Noticed 4thArraOfDagon's ghost (amateur TrEE)
  1150 | D:5      | Killed 4thArraOfDagon's ghost
  1150 | D:5      | Reached skill level 1 in Invocations
  1200 | D:5      | Reached skill level 5 in Stealth
  1200 | D:5      | Reached skill level 7 in Unarmed Combat
  1221 | D:6      | Noticed HandofTrog's ghost (amateur TrHu)
  1257 | D:5      | Found Gajyigh's Distillery.
  1275 | D:5      | Bought a potion of might for 48 gold pieces
  1275 | D:5      | Bought a potion of curing for 36 gold pieces
  1309 | D:6      | Found Zyrchawia's Weapon Shoppe.
  1432 | D:7      | Reached *** piety under Makhleb
  1485 | D:7      | Reached skill level 5 in Fighting
  1532 | D:7      | Reached XP level 8. HP: 37/37 MP: 10/10
  1654 | D:6      | Found Wessuciu's Gadget Shop.
  1819 | D:7      | Reached skill level 8 in Unarmed Combat
  1878 | D:7      | Reached **** piety under Makhleb
  2159 | D:8      | Reached XP level 9. HP: 41/41 MP: 12/12
  2385 | D:8      | Noticed Erica
  2512 | D:9      | Found a glowing silver altar of Zin.
  2513 | D:9      | Found a blossoming altar of Fedhas.
  2513 | D:9      | Found a burning altar of Makhleb.
  2515 | D:9      | Found an ancient bone altar of Kikubaaqudgha.
  2516 | D:9      | Found an oddly glowing altar of Pakellas.
  2534 | D:9      | Reached ***** piety under Makhleb
  2567 | D:10     | Entered Level 10 of the Dungeon
  2587 | D:10     | Reached skill level 9 in Unarmed Combat
  2625 | D:10     | Noticed a hill giant
  2632 | D:10     | Killed a hill giant
  2646 | D:10     | Learned a level 1 spell: Apportation
  2648 | D:10     | Learned a level 1 spell: Animate Skeleton
  2660 | D:11     | Gained mutation: You are weak. (Str -2) [mutagenic meat]
  2661 | D:11     | Gained mutation: You are frail (-10% HP). [mutagenic meat]
  2664 | D:11     | Noticed a cyclops
  2683 | D:11     | Killed a cyclops
  2745 | D:11     | Noticed a hill giant
  2755 | D:11     | Killed a hill giant
  2755 | D:11     | Reached skill level 5 in Invocations
  2755 | D:11     | Reached XP level 10. HP: 16/41 MP: 14/14
  2817 | D:10     | Killed from afar by a deep elf mage
  2818 | D:10     | Reached XP level 9. HP: -4/37 MP: 13/13
  2893 | D:12     | Noticed Borgoz's ghost (novice MiFi)
  2898 | D:12     | Noticed Fannar
  3056 | D:12     | Found a frozen archway.
  3181 | D:12     | Noticed a centaur skeleton
  3193 | D:12     | Noticed a cyclops
  3213 | D:12     | Killed a centaur skeleton
  3213 | D:12     | Reached skill level 10 in Unarmed Combat
  3415 | IceCv    | Entered an ice cave
  3424 | IceCv    | Reached XP level 10. HP: 42/42 MP: 15/15
  3577 | IceCv    | Noticed an ice dragon
  3589 | IceCv    | Noticed an ice dragon
  3614 | IceCv    | Killed an ice dragon
  3623 | IceCv    | Killed from afar by an ice dragon
  3624 | IceCv    | Reached XP level 9. HP: -7/39 MP: 14/14
  3645 | IceCv    | Noticed a cacodemon
  3675 | IceCv    | Got a translucent steel ring
  3726 | IceCv    | Identified the cursed ring "Bona" {rPois Str-4 Dex+6 SInv} (You found it in an ice cave)
  3810 | D:12     | Noticed a kobold demonologist
  3870 | D:12     | Noticed a kobold demonologist
  3909 | D:13     | Learned a level 6 spell: Invisibility
  3919 | D:13     | Reached skill level 10 in Dodging
  4023 | D:12     | Noticed Nergalle
  4041 | D:13     | Reached skill level 11 in Unarmed Combat
  4081 | D:14     | Noticed a centaur warrior
  4085 | D:14     | Noticed an orc knight
  4095 | D:14     | Reached skill level 1 in Hexes
  4103 | D:14     | Noticed a hill giant
  4150 | D:14     | Killed a hill giant
  4150 | D:14     | Reached XP level 10. HP: 20/43 MP: 15/15
  4195 | D:14     | Noticed a green ugly thing
  4197 | D:15     | Entered Level 15 of the Dungeon
  4255 | D:15     | Noticed a necromancer
  4309 | D:15     | Noticed a hill giant
  4312 | D:15     | Killed a hill giant
  4324 | D:15     | Noticed a cyan ugly thing
  4324 | D:15     | Noticed a cyan ugly thing
  4324 | D:15     | Noticed a cyan ugly thing
  4324 | D:15     | Noticed a cyan ugly thing
  4331 | D:15     | Noticed a brown ugly thing
  4331 | D:15     | Noticed a brown ugly thing
  4332 | D:15     | Noticed a brown ugly thing
  4367 | D:15     | Noticed a skeletal warrior
  4397 | D:15     | Reached skill level 1 in Spellcasting
  4544 | D:13     | Noticed a tengu warrior
  4550 | D:13     | Noticed a hill giant
  4559 | D:13     | Noticed Maurice
  4573 | D:13     | Killed Maurice
  4576 | D:13     | Noticed Azrael
  4581 | D:13     | Noticed Rupert
  4610 | D:14     | Noticed an unseen horror
  4613 | D:14     | Noticed an orc knight
  4654 | D:14     | Killed an orc knight
  4659 | D:14     | Noticed a griffon
  4694 | D:14     | Noticed a cyclops
  4696 | D:14     | Noticed a harpy
  4714 | D:14     | Killed a griffon
  4714 | D:14     | Reached skill level 10 in Stealth
  4714 | D:14     | Reached skill level 1 in Evocations
  4722 | D:14     | Killed a harpy
  4774 | D:14     | Killed a cyclops
  4774 | D:14     | Reached skill level 5 in Hexes
  4776 | D:14     | Noticed a centaur warrior
  4789 | D:14     | Killed a centaur warrior
  4789 | D:14     | Reached XP level 11. HP: 28/46 MP: 16/16
  5217 | D:11     | Noticed Sonja
  5351 | D:10     | Noticed a hill giant
  5364 | D:10     | Killed a hill giant
  5385 | D:9      | Found a shadowy altar of Dithmenos.
  5387 | D:9      | Found a shattered altar of Ashenzari.
  5387 | D:9      | Found a sparkling altar of Nemelex Xobeh.
  5471 | D:9      | Noticed Gastronok
  5492 | D:9      | Killed Gastronok
  5654 | D:9      | Reached skill level 12 in Unarmed Combat
  5825 | D:9      | Found a staircase to the Orcish Mines.
  5933 | D:6      | Bought a wand of disintegration (10) for 140 gold pieces
  5952 | D:6      | Noticed Pikel
  5961 | D:6      | Killed Pikel
  5971 | D:6      | Found Elisouju's Weapon Boutique.
  5982 | D:6      | Noticed Prince Ribbit
  5989 | D:6      | Killed Prince Ribbit
  6068 | D:5      | Bought a potion of agility for 48 gold pieces
  6068 | D:5      | Bought a potion of haste for 120 gold pieces
  6068 | D:5      | Bought 2 potions of heal wounds for 120 gold pieces
  6068 | D:5      | Bought a potion of brilliance for 48 gold pieces
  6068 | D:5      | Bought a potion of brilliance for 48 gold pieces
  6068 | D:5      | Bought a potion of brilliance for 48 gold pieces
  6068 | D:5      | Bought a potion of haste for 120 gold pieces
  6068 | D:5      | Bought a potion of brilliance for 48 gold pieces
  6068 | D:5      | Bought 2 potions of agility for 96 gold pieces
  6068 | D:5      | Bought a potion of flight for 36 gold pieces
  6206 | Orc:1    | Entered Level 1 of the Orcish Mines
  6260 | Orc:2    | Found Goag's Distillery.
  6305 | Orc:2    | Reached ****** piety under Makhleb
  6424 | Orc:1    | Found a roughly hewn altar of Beogh.
  6612 | Orc:2    | You fall through a shaft!
  6617 | Orc:4    | Entered Level 4 of the Orcish Mines
  6689 | Orc:4    | Gained mutation: Your thick and shaggy fur keeps you warm (AC +3, rC+). [Felid growth]
  6689 | Orc:4    | Reached XP level 12. HP: 50/50 MP: 18/18
  7016 | Orc:4    | Reached skill level 1 in Translocations
  7263 | Orc:4    | Got a scintillating golden ring
  7265 | Orc:4    | Identified the ring of the Echidna {Str+3 Stlth+} (You found it on level 4 of the Orcish Mines)
  7444 | Orc:4    | Found Woocouq's Weapon Emporium.
  7480 | Orc:4    | Found Fimeutuwn's Gadget Shoppe.
  7521 | Orc:4    | Found a roughly hewn altar of Beogh.
  7521 | Orc:4    | Noticed an orc warlord
  7639 | Orc:3    | Noticed Snorg
  7648 | Orc:3    | Killed Snorg
  7743 | Orc:3    | Found a staircase to the Elven Halls.
  8080 | Orc:3    | Reached skill level 10 in Hexes
  8219 | Orc:3    | Noticed a fire giant
  8231 | Orc:3    | Killed a fire giant
  8231 | Orc:3    | Reached XP level 13. HP: 54/54 MP: 19/21
  8254 | Orc:3    | Reached skill level 13 in Unarmed Combat
  8296 | Orc:3    | Got a warped lead ring
  8306 | Orc:3    | Learned a level 2 spell: Stoneskin
  8310 | Orc:3    | Identified the ring "Leokoe" {rElec EV+2 Int+4} (You found it on level 3 of the Orcish Mines)
  8412 | Orc:2    | Bought 2 potions of might for 128 gold pieces
  8412 | Orc:2    | Bought a potion of curing for 48 gold pieces
  8412 | Orc:2    | Bought a potion of might for 64 gold pieces
  8412 | Orc:2    | Bought a potion of haste for 160 gold pieces
  8412 | Orc:2    | Bought 2 potions of lignification for 96 gold pieces
  8412 | Orc:2    | Bought a potion of curing for 48 gold pieces
  8412 | Orc:2    | Bought a potion of brilliance for 64 gold pieces
  8591 | Orc:4    | Found Kamiack's Weapon Boutique.
  8632 | Orc:4    | Noticed Saint Roka
  8831 | Orc:4    | Found Iklotethru's Antique Armour Shop.
  8835 | Orc:4    | Gained mutation: You are partially covered in rough black scales (AC +4, Dex -1). [a neqoxec]
  8838 | Orc:4    | Gained mutation: You are clumsy. (Dex -2) [a neqoxec]
  8871 | Orc:4    | Noticed a balrug
  8991 | Elf:1    | Entered Level 1 of the Elven Halls
  8999 | Elf:1    | Reached skill level 5 in Spellcasting
  8999 | Elf:1    | Reached skill level 1 in Transmutations
  8999 | Elf:1    | Reached skill level 1 in Earth Magic
  9166 | Elf:1    | Noticed a deep elf sorcerer
  9166 | Elf:1    | Noticed a deep elf sorcerer
  9224 | Elf:2    | Identified the Disquisition on Sinister Creation
  9226 | Elf:2    | uhhh
  9277 | Elf:2    | uhh
  9319 | Elf:2    | Found a runed gate.
  9319 | Elf:2    | Found a runed gate.
  9320 | Elf:2    | Found a runed gate.
  9406 | Elf:3    | Entered Level 3 of the Elven Halls
  9419 | Elf:3    | Found Gommaaga's Jewellery Shop.
  9419 | Elf:3    | Noticed a deep elf demonologist
  9461 | Elf:3    | Cast into level 3 of the Abyss (a deep elf demonologist)
  9465 | Abyss:3  | Noticed a kraken
  9540 | Abyss:3  | Noticed a white very ugly thing
  9542 | Abyss:3  | Noticed a white very ugly thing
  9637 | Abyss:4  | Noticed a starcursed mass
  9639 | Abyss:4  | Noticed a starcursed mass
  9687 | Abyss:4  | Noticed an Executioner
  9727 | Elf:3    | Escaped the Abyss
  9741 | Elf:3    | Noticed a cacodemon
  9743 | Elf:3    | Killed a deep elf demonologist
  9759 | Elf:3    | Bought an uncursed amulet of rage for 720 gold pieces
 10216 | Elf:3    | Noticed a deep elf sorcerer
 10217 | Elf:3    | Noticed a deep elf annihilator
 10236 | Elf:3    | Killed a deep elf sorcerer
 10240 | Elf:3    | Noticed a deep elf sorcerer
 10240 | Elf:3    | Noticed a deep elf demonologist
 10256 | Elf:3    | Killed a deep elf sorcerer
 10263 | Elf:3    | Noticed a deep elf annihilator
 10280 | Elf:3    | Killed a deep elf annihilator
 10281 | Elf:3    | Lost mutation: You are weak. (Str -2) [a neqoxec]
 10306 | Elf:3    | Killed a deep elf demonologist
 10344 | Elf:3    | Noticed a deep elf annihilator
 10384 | Elf:3    | Killed a deep elf annihilator
 10399 | Elf:3    | Noticed a deep elf blademaster
 10416 | Elf:3    | Killed a deep elf blademaster
 10416 | Elf:3    | Reached XP level 14. HP: 58/58 MP: 23/23
 10446 | Elf:3    | Reached skill level 10 in Fighting
 10493 | Elf:3    | Killed from afar by a deep elf annihilator
 10494 | Elf:3    | Reached XP level 13. HP: -13/54 MP: 22/22
 10730 | Elf:3    | Noticed a deep elf sorcerer
 10826 | Elf:3    | Killed a deep elf annihilator
 10843 | Elf:3    | Noticed a deep elf blademaster
 10862 | Elf:3    | Noticed a cacodemon
 10863 | Elf:3    | Gained mutation: You are very frail (-20% HP). [a cacodemon]
 10872 | Elf:3    | Reached skill level 5 in Transmutations
 11041 | Elf:3    | Noticed a balrug
 11047 | Elf:3    | Killed from afar by a balrug

Vault maps used:
D:1:      matt_arrival_grand_opening, serial_bayou_pond_d, amethyst_killhole
D:2:      uniq_terence
D:3:      makhleb_blood_cavern_becter
D:4:      nicolae_overflow_hidden_temple, uniq_sigmund, uniq_menkaure,
          uniq_edmund
D:5:      minmay_temple_entry_hall, first_bread, portal_sewer_entry_b,
          serial_shops, shop
D:6:      serial_shops, shop, nicolae_shop_window_shopping,
          nicolae_shop_temple_entry_statues_fountains, uniq_prince_ribbit1,
          uniq_pikel
D:7:      grunt_ogre_cave, bloody_trog
D:8:      grunt_lair_entry_elf_guard_hut, uniq_erolcha, uniq_psyche, uniq_erica
D:9:      grunt_temple_overflow_open, david_orc_4, uniq_gastronok
D:11:     uniq_sonja
D:12:     portal_ice_cave_entry_ice_beasts, uniq_fannar, uniq_nergalle
D:13:     david_vaults_1, uniq_maud, uniq_rupert, uniq_azrael, uniq_maurice
D:14:     minmay_dotted_concentric_squares, serial_ice, serial_ice_b,
          serial_ice_m, serial_ice_n, serial_ice_h, kb_rosetta
D:15:     gammafunk_depths_entry_grave, solitary_fountain
Orc:1:    basic_altar
Orc:2:    serial_shops, shop_fountains
Orc:3:    giant_chief_lemuel, nicolae_orc_pool_cavern, uniq_snorg
Orc:4:    pubby_orc_utopia
Elf:1:    hangedman_elven_crosses_minicolossus
Elf:2:    basic_altar
Elf:3:    nooodl_elf_gasket, serial_shops, shop
Abyss:3:  evilmike_abyss_exit_kraken, nicolae_abyss_rune_left_handed
Sewer:    sewer_frog_island_02
IceCv:    ice_cave_small_dragons

Action                   |  1- 3 |  4- 6 |  7- 9 | 10-12 | 13-15 || total
-------------------------+-------+-------+-------+-------+-------++-------
Melee: Unarmed           |    56 |   171 |   470 |   725 |   327 ||  1749
 Cast: Apportation       |       |       |       |    20 |     4 ||    24
       Animate Skeleton  |       |       |       |     6 |     9 ||    15
       Stoneskin         |       |       |       |       |     3 ||     3
Invok: Minor Destruction |       |       |    43 |    88 |    14 ||   145
       Lesser Servant of |       |       |     5 |    22 |    16 ||    43
       Greater Servant o |       |       |     1 |     1 |    10 ||    12
       Major Destruction |       |       |       |     7 |       ||     7
Evoke: Wand              |       |       |     8 |     5 |    16 ||    29
       Phial of floods   |       |       |       |     1 |     1 ||     2
  Use: Potion            |     4 |     1 |     3 |     4 |     6 ||    18
       Scroll            |       |       |     6 |    10 |     6 ||    22
 Stab: Sleeping          |     1 |    11 |    22 |    50 |    17 ||   101
       Distracted        |       |       |       |     3 |     5 ||     8
  Eat: Chunk             |     6 |     7 |    17 |    16 |    13 ||    59
